 Dungeon Crawl Stone Soup version 0.30-a0-12-gd8047c6341 (webtiles) character file.

Game seed: 15845538292519822511

57400 trogdor248 the Brawler (level 14, -5/108 (130) HPs)
             Began as a Troll Transmuter on Aug 23, 2022.
             Was the Champion of Ru.
             Slain by a guardian serpent (20 damage)
             ... on level 3 of the Snake Pit.
             The game lasted 01:46:12 (14024 turns).

trogdor248 the Brawler (Troll Transmuter)          Turns: 14024, Time: 01:46:20

HP:   -5/108 (130)  AC: 12    Str: 25    XL:     14   Next: 45%
MP:   11/17         EV: 12    Int:  9    God:    Ru [******]
Gold: 697           SH:  0    Dex: 10    Spells: 3/18 levels left

rFire   + + .      SeeInvis .      - Unarmed
rCold   + . .      Faith    +    (no shield)
rNeg    . . .      Spirit   .    x - +1 robe {rC+ rF+}
rPois   +          Reflect  .    O - +0 hat
rElec   .          Harm     .    R - +2 cloak
rCorr   .          Rampage  .    (gloves unavailable)
Will    .....                    (boots unavailable)
Stlth   ..........               L - amulet of faith
HPRegen 1.08/turn                m - ring of poison resistance
MPRegen 0.15/turn                F - +4 ring of protection

@: lethally poisoned (-5 -> -7), exhausted, about to teleport, slowed, heavily
drained, unable to read, unable to drink, very slow
A: large, unfitting armour, claws 3, regeneration 1, shaggy fur 1, tough skin 1,
inability to drink after injury 2, no stealth, inability to use devices, no air
magic, no hexes magic, no necromancy magic, weak-willed 1, hooves 1, fire
resistance 1, inability to read after injury 1
a: Renounce Religion, Draw Out Power, Power Leap, Apocalypse


You were on level 3 of the Snake Pit.
You worshipped Ru.
Ru was exalted by your worship.
You visited 4 branches of the dungeon, and saw 16 of its levels.

You collected 989 gold pieces.
You spent 292 gold pieces at shops.

Inventory:

Hand Weapons
 y - the +8 halberd "Fexumio" {freeze, rC+ SInv}
   (You took it off a naga on level 1 of the Snake Pit)

   It freezes those it strikes, dealing additional cold damage.
   It can also slow down cold-blooded creatures.
   rC:        It protects you from cold.
   SInv:      It lets you see invisible.
 S - a +3 shortbow of flaming
Missiles
 k - 28 poisoned darts
 z - 3 atropa-tipped darts
 M - 11 boomerangs (quivered)
Armour
 x - a +1 robe of resistance (worn)
 K - +0 steam dragon scales
 O - a +0 hat (worn)
 Q - a scarf of resistance
 R - a +2 cloak (worn)
Jewellery
 c - a ring of fire
 m - a ring of poison resistance (left claw)
 o - an amulet of the acrobat
 w - a ring of see invisible
 D - a ring of protection from cold
 E - a +4 ring of slaying
 F - a +4 ring of protection (right claw)
 H - a +4 ring of evasion
 L - an amulet of faith (around neck)
 T - a ring of flight
 X - a ring of fire
 Y - a +4 ring of slaying
 Z - a ring of poison resistance
Scrolls
 a - a scroll of summoning
 d - 4 scrolls of immolation
 h - a scroll of fear {unknown}
 i - 3 scrolls of poison
 j - 12 scrolls of amnesia
 l - 4 scrolls of enchant armour
 q - 2 scrolls of blinking
 s - 6 scrolls of enchant weapon
 t - 3 scrolls of fog
 u - 5 scrolls of teleportation
 C - a scroll of magic mapping
 G - 5 scrolls of vulnerability
 I - a scroll of brand weapon
 U - a scroll of noise
Potions
 b - 2 potions of lignification
 e - 8 potions of curing
 f - a potion of cancellation {unknown}
 g - 3 potions of attraction
 n - 6 potions of brilliance
 p - 2 potions of magic
 r - 2 potions of might
 v - a potion of invisibility
 A - a potion of ambrosia {unknown}
 B - a potion of flight {unknown}
 J - a potion of heal wounds
 N - a potion of haste {unknown}
 P - 2 potions of degeneration {unknown}


   Skills:
 + Level 6.0 Fighting
 + Level 9.2 Dodging
 + Level 19.9 Unarmed Combat
 + Level 2.6 Spellcasting
 * Level 2.3 Summonings
 + Level 3.3 Transmutations


You had 3 spell levels left.
You knew the following spells:

 Your Spells              Type           Power      Damage    Failure   Level
a - Beastly Appendage     Tmut           14%        N/A       8%          1
b - Wereblood             Tmut           7%         N/A       12%         2
c - Spider Form           Tmut/Pois      4%         N/A       43%         3
d - Dragon's Call         Summ           2%         N/A       100%        9

Your spell library contained the following spells:

 Spells                   Type           Power      Damage    Failure   Level
 Apportation              Tloc           2%         N/A       32%         1
 Blink                    Tloc           2%         N/A       43%         2
 Ice Form                 Ice/Tmut       4%         N/A       83%         4
 Petrify                  Tmut/Erth      4%         N/A       83%         4
 Alistair's Intoxication  Tmut/Pois      2%         N/A       99%         5
 Irradiate                Conj/Tmut      2%         3d12      99%         5
 Manifold Assault         Tloc           1%         N/A       100%        5
 Dragon Form              Tmut           3%         N/A       100%        7
 Ensorcelled Hibernation  Hex/Ice        Unusable   N/A       N/A         2
 Sublimation of Blood     Necr           Unusable   N/A       N/A         2
 Summon Lightning Spire   Summ/Air       Unusable   N/A       N/A         4
 Airstrike                Air            Unusable   2d(1-17)  N/A         4
 Anguish                  Hex/Necr       Unusable   N/A       N/A         4
 Cause Fear               Hex            Unusable   N/A       N/A         4
 Lightning Bolt           Conj/Air       Unusable   1d11      N/A         5
 Storm Form               Tmut/Air       Unusable   N/A       N/A         7

Dungeon Overview and Level Annotations

Branches:
Dungeon (9/15)             Temple (1/1) D:5            Lair (3/5) D:9
  Swamp (0/4) Lair:3        Snake (3/4) Lair:3
    Orc: D:9-12

Altars:
Cheibriados
Elyvilon
Ru
Uskayaw
Zin

Shops:
Snake:1 ==:   Snake:2 [**


Innate Abilities, Weirdness & Mutations

You are too large for most types of armour.
You have claws for hands.
Your natural rate of healing is unusually fast.
You are covered in fur. (AC +1)
You have tough skin. (AC +1)
You sometimes lose the ability to drink potions when taking damage.
You cannot be stealthy.
You cannot study or use magical devices.
You cannot study or cast Air magic.
You cannot study or cast Hexes magic.
You cannot study or cast Necromancy magic.
You are slightly weak-willed. (Will-)
You have large cloven feet.
Your flesh is heat resistant. (rF+)
You occasionally lose the ability to read scrolls when taking damage.


Message History

You can drink potions again.
You mangle the black mamba!! Your kick misses the black mamba.
The black mamba is severely wounded.
You mangle the black mamba!!
You kill the black mamba!
The black mamba barely misses you.
You eviscerate the black mamba!!!
You kill the black mamba!
A guardian serpent comes into view.
The guardian serpent shouts!
The guardian serpent begins to cast a spell, but is stunned by your conviction!
The guardian serpent coils itself and waves its upper body at you.
The bolt of poison hits you! You resist.
You feel threatened and lose the ability to drink potions!
* * * LOW HITPOINT WARNING * * *
You can drink potions again.
You can read scrolls again.
The guardian serpent coils itself and waves its upper body at you.
The bolt of poison hits you!
You are poisoned.
You resist.
You feel threatened and lose the ability to drink potions!
* * * LOW HITPOINT WARNING * * *
A guardian serpent comes into view.
Okay, then.
The guardian serpent shouts!
You mangle the guardian serpent!! You kick the guardian serpent.
You claw the guardian serpent.
The guardian serpent is severely wounded.
You feel very sick.
The guardian serpent coils itself and waves its upper body at you.
You feel yourself slow down.
As you read the scroll of teleportation, it crumbles to dust.
You feel strangely unstable.
You can drink potions again.
You feel very sick. The guardian serpent hits you!!
You feel threatened and lose the ability to read scrolls!
You feel threatened and lose the ability to drink potions!
You die...

*,,......###......#.#
*,,.......#.........#
**,...............###
**......#..S....##
*.............##
*##*****#...........##
#...,,,*#...##......#
.....,,,##.**###.##.#
.....,,,,#** *#@#*##
.....,,,,,****#S##
.....,,,,,,,,,#S*
....,,...,,***#.*****
.###*#...,,***#.,,,,*
..###....*,**,..,,,,*
.........*,,,,#+**,,*
.........,*,,,*,,*,,*
........#***,,*,,*,,*


You could see a shock serpent and 2 guardian serpents.

Vanquished Creatures
  Kirke (Snake:1)
  The ghost of frimble the Black Belt, an adept DsAE of Cheibriados (Snake:1)
  2 nagarajas
  2 hydras (Lair:3)
  9 anacondas
  2 catoblepae
  7 naga warriors
  3 shock serpents
  2 death yaks (Lair:1)
  A tengu warrior (D:9)
  3 naga sharpshooters
  2 salamander mystics (Snake:3)
  4 naga ritualists
  A sea snake (Snake:2)
  3 mana vipers
  8 salamanders
  22 black mambas
  Maurice (D:8)
  4 guardian serpents
  11 naga magi
  Maggie (D:7)
  3 cane toads
  6 komodo dragons
  A rime drake (Lair:1)
  A hornet (D:7)
  5 blink frogs (Lair:3)
  A wraith (D:9)
  6 wyverns
  19 yaks
  2 basilisks
  7 hogs (Snake:1)
  3 steam dragons
  29 nagas
  2 swamp worms (Lair:3)
  8 water moccasins
  An ice beast (D:7)
  An orc warrior (D:9)
  3 black bears
  2 sky beasts (D:8)
  5 centaurs
  7 wolves
  A phantom (D:5)
  A kobold brigand (D:9)
  A necrophage (D:6)
  8 bullfrogs
  A scorpion (D:5)
  7 wights (D:8)
  6 killer bees (D:7)
  2 electric eels (Snake:2)
  3 jellies (D:5)
  4 hounds
  5 orc priests
  3 iguanas
  2 gnoll boudas
  11 orc wizards
  7 adders
  12 gnolls
  6 white imps
  2 ufetubi (D:5)
  A worm (D:5)
  A dart slug (D:9)
  29 orcs
  10 ball pythons
  6 bats
  6 endoplasms
  6 giant cockroaches
  4 goblins
  4 hobgoblins
  7 kobolds
  4 quokkas
  3 frilled lizards
  4 rats
369 creatures vanquished.

Vanquished Creatures (others)
  A black mamba (Snake:2)
  A yak (D:9)
  An orc priest (D:4)
  An orc (D:4)
  7 fungi
  37 plants
48 creatures vanquished.

Grand Total: 417 creatures vanquished

Notes
Turn   | Place    | Note
-------+----------+-------------------------------------------
     0 | D:1      | trogdor248 the Troll Transmuter began the quest for the
                  | Orb.
     0 | D:1      | Reached XP level 1. HP: 18/18 MP: 1/1
   173 | D:1      | Found a faded altar of an unknown god.
   181 | D:1      | Prayed at the altar of an unknown god.
   181 | D:1      | Became a worshipper of Ru the Awakened
   315 | D:1      | Reached XP level 2. HP: 26/26 MP: 3/3
   767 | D:2      | Reached XP level 3. HP: 17/32 MP: 4/4
  1012 | D:2      | Gained mutation: You are slightly weak-willed. (Will-) [Ru
                  | sacrifice]
  1012 | D:2      | Reached * piety under Ru
  1230 | D:3      | Reached XP level 4. HP: 40/40 MP: 5/5
  1243 | D:3      | Learned a level 2 spell: Wereblood
  1247 | D:3      | Learned a level 3 spell: Spider Form
  1296 | D:3      | Reached skill level 4 in Unarmed Combat
  1620 | D:3      | Reached skill level 1 in Fighting
  1620 | D:3      | Reached XP level 5. HP: 32/48 MP: 6/6
  1825 | D:4      | Reached skill level 5 in Unarmed Combat
  1983 | D:4      | Reached XP level 6. HP: 53/55 MP: 7/7
  2018 | D:4      | Reached skill level 1 in Stealth
  2534 | D:5      | Entered Level 5 of the Dungeon
  2546 | D:5      | Reached skill level 6 in Unarmed Combat
  2610 | D:5      | Found a staircase to the Ecumenical Temple.
  2636 | Temple   | Entered the Ecumenical Temple
  2647 | D:5      | Reached XP level 7. HP: 61/62 MP: 8/8
  2703 | D:5      | Gained mutation: You occasionally lose the ability to drink
                  | potions when taking damage. [Ru sacrifice]
  2703 | D:5      | Gained mutation: You sometimes lose the ability to drink
                  | potions when taking damage. [Ru sacrifice]
  2703 | D:5      | Reached ** piety under Ru
  2703 | D:5      | Reached *** piety under Ru
  3053 | D:5      | Reached skill level 7 in Unarmed Combat
  3940 | D:6      | Reached XP level 8. HP: 70/70 MP: 9/9
  4352 | D:7      | Noticed a hornet
  4371 | D:7      | Killed a hornet
  4372 | D:7      | Reached skill level 8 in Unarmed Combat
  4456 | D:7      | Reached skill level 9 in Unarmed Combat
  4806 | D:7      | Reached XP level 9. HP: 66/79 MP: 11/11
  4840 | D:7      | Noticed Maggie
  4855 | D:7      | Killed Maggie
  4858 | D:7      | Reached skill level 10 in Unarmed Combat
  5106 | D:7      | Gained mutation: You are dopey. (Int -2) [potion of
                  | mutation]
  5106 | D:7      | Gained mutation: You occasionally shout uncontrollably at
                  | your foes. [potion of mutation]
  5107 | D:7      | Lost mutation: You occasionally shout uncontrollably at
                  | your foes. [potion of mutation]
  5107 | D:7      | Lost mutation: You are dopey. (Int -2) [potion of mutation]
  5107 | D:7      | Gained mutation: You occasionally lose the ability to read
                  | scrolls when taking damage. [potion of mutation]
  5107 | D:7      | Gained mutation: You have large cloven feet. [potion of
                  | mutation]
  5107 | D:7      | Gained mutation: Your flesh is heat resistant. (rF+)
                  | [potion of mutation]
  5204 | D:8      | Noticed Maurice
  5210 | D:8      | Paralysed by Maurice for 4 turns
  5218 | D:8      | Killed Maurice
  5453 | D:8      | Gained mutation: You cannot study or use magical devices.
                  | [Ru sacrifice]
  5453 | D:8      | Reached **** piety under Ru
  5453 | D:8      | Reached ***** piety under Ru
  5609 | D:8      | Reached skill level 11 in Unarmed Combat
  5924 | D:8      | Found a white marble altar of Elyvilon.
  6363 | D:9      | Found a staircase to the Lair.
  6367 | D:9      | Reached XP level 10. HP: 89/89 MP: 12/12
  6369 | D:9      | Reached skill level 12 in Unarmed Combat
  6458 | D:9      | Reached skill level 5 in Dodging
  6853 | D:9      | Found a snail-covered altar of Cheibriados.
  6948 | D:9      | Reached skill level 13 in Unarmed Combat
  7067 | D:9      | Noticed a catoblepas
  7068 | D:9      | Noticed a tengu warrior
  7074 | D:9      | Killed a catoblepas
  7075 | D:9      | Reached XP level 11. HP: 82/97 MP: 13/13
  7081 | D:9      | Killed a tengu warrior
  7438 | Lair:1   | Entered Level 1 of the Lair of Beasts
  7795 | Lair:1   | Reached skill level 14 in Unarmed Combat
  7862 | Lair:1   | Noticed a death yak
  7863 | Lair:1   | Noticed a death yak
  7863 | Lair:1   | Noticed a catoblepas
  7875 | Lair:1   | Killed a death yak
  7884 | Lair:1   | Killed a death yak
  7892 | Lair:1   | Killed a catoblepas
  7917 | Lair:1   | Gained mutation: You cannot be stealthy. [Ru sacrifice]
  8453 | Lair:2   | Reached skill level 15 in Unarmed Combat
  9176 | Lair:3   | Found a staircase to the Snake Pit.
  9183 | Lair:3   | Reached XP level 12. HP: 95/107 MP: 14/14
  9343 | Lair:3   | Gained mutation: You cannot study or cast Air magic. [Ru
                  | sacrifice]
  9343 | Lair:3   | Gained mutation: You cannot study or cast Hexes magic. [Ru
                  | sacrifice]
  9343 | Lair:3   | Gained mutation: You cannot study or cast Necromancy magic.
                  | [Ru sacrifice]
  9343 | Lair:3   | Reached ****** piety under Ru
  9496 | Lair:3   | Noticed a seven-headed hydra
  9507 | Lair:3   | Killed a nine-headed hydra
  9508 | Lair:3   | Reached skill level 16 in Unarmed Combat
  9513 | Lair:3   | Noticed a four-headed hydra
  9519 | Lair:3   | Killed a seven-headed hydra
  9592 | Lair:3   | Found a staircase to the Swamp.
  9794 | Snake:1  | Entered Level 1 of the Snake Pit
  9834 | Snake:1  | Noticed a naga warrior
  9843 | Snake:1  | Killed a naga warrior
  9847 | Snake:1  | Noticed a nagaraja
  9876 | Snake:1  | Noticed Kirke
 10269 | Snake:1  | Killed Kirke
 10270 | Snake:1  | Reached skill level 17 in Unarmed Combat
 10332 | Snake:1  | Killed a nagaraja
 10439 | Snake:1  | Found Lukheuth's Jewellery Shop.
 10440 | Snake:1  | Found Ogonolani's Book Emporium.
 10441 | Snake:1  | Found Vyafoad's Jewellery Shop.
 10577 | Snake:1  | Found a runed translucent gate.
 10578 | Snake:1  | Found a runed translucent gate.
 10579 | Snake:1  | Found a runed translucent gate.
 10580 | Snake:1  | Identified the +8 halberd "Fexumio" {freeze, rC+ SInv}
 10581 | Snake:1  | Noticed frimble's ghost (adept DsAE)
 10653 | Snake:1  | Noticed an anaconda
 10661 | Snake:1  | Killed an anaconda
 10717 | Snake:1  | Reached XP level 13. HP: 30/105 MP: 6/15
 11552 | Snake:1  | Reached skill level 18 in Unarmed Combat
 11562 | Snake:1  | Killed frimble's ghost
 11665 | Snake:2  | Reached skill level 5 in Fighting
 12366 | Snake:2  | Found Qufoziacw's Assorted Antiques.
 12391 | Snake:2  | Found Cail's Assorted Antiques.
 12393 | Snake:2  | Found Biun's Antique Armour Shoppe.
 12401 | Snake:2  | Bought a hat for 96 gold pieces
 12401 | Snake:2  | Bought a glowing cloak for 180 gold pieces
 12401 | Snake:2  | Bought a robe for 16 gold pieces
 12427 | Snake:2  | Reached skill level 19 in Unarmed Combat
 12802 | Snake:2  | Noticed a nagaraja
 12816 | Snake:2  | Killed a nagaraja
 12950 | Snake:2  | Reached XP level 14. HP: 45/103 MP: 17/17
 12964 | Snake:2  | Learned a level 9 spell: Dragon's Call
 13510 | Snake:3  | Reached skill level 1 in Summonings
 14024 | Snake:3  | Slain by a guardian serpent

Illustrated notes

Levels and vault maps discovered:
D:1:      amcnicky_arrival_feature_with_door, layout_loops_cross,
          shapermc_ecumenical_altar_venn
D:2:      layout_basic
D:3:      layout_rooms
D:4:      layout_basic, hangedman_abyss_or_decor_stabs
D:5:      layout_loops_ring, minmay_temple_entry_arrows,
          corexii_leaking_fountain, nicolae_eternal_life,
          eino_small_chamber_without_monster, hangedman_glass_teeth,
          kennysheep_nondescript
D:6:      layout_loops_corners
D:7:      layout_loops_ring, uniq_maggie
D:8:      layout_loops_corners, nicolae_elyvilon_temple_path,
          hangedman_decor_slide_cut, serial_bayou_crossing, uniq_maurice
D:9:      minmay_cornered_nines, layout_loops_corners, kennysheep_slug_shrine,
          minmay_lair_entry_grove
Temple:   nicolae_temple_bog_church
Lair:1:   layout_regular_city, hangedman_lair_generics_rect, grunt_megastairs_5,
          infiniplex_staircase_pool
Lair:2:   layout_gridlike
Lair:3:   layout_cave_shapes, palyth_hydra_swamp_entry,
          minmay_snake_entry_spellcaster
Snake:1:  layout_cave_pods, gammafunk_ghost_split, nicolae_snake_squiggles,
          guppyfry_library_mini, minmay_shop_grove, uniq_kirke
Snake:2:  layout_cave_shapes, serial_bayou_shore_a, minmay_shop_star,
          grunt_megastairs_1
Snake:3:  layout_grid_shapes, nrook_guardian_serpent_ordinary

Skill      XL: |  1  2  3  4  5  6  7  8  9 10 11 12 13 14 |
---------------+-------------------------------------------+-----
Dodging        | 2 3 4 5 6 7 8 9 |  9.2
Unarmed Combat | 4 5 6 7 9 11 13 15 17 19 | 19.9
Fighting       | 1 2 3 4 5 6 |  6.0
Stealth        | 1 2 3 0 |  0.0
Transmutations | 2 3 |  3.3
Spellcasting   | 2 |  2.6
Summonings     | 2 |  2.3

Action                   |  1- 3 |  4- 6 |  7- 9 | 10-12 | 13-15 || total
-------------------------+-------+-------+-------+-------+-------++-------
Melee: Unarmed           |    91 |   127 |   209 |   363 |   298 ||  1088
       Punch             |     2 |     5 |    10 |    28 |    25 ||    70
       Kick              |     1 |     1 |    18 |   119 |    77 ||   216
       Headbutt          |     3 |       |     1 |       |       ||     4
Throw: Boomerang         |       |       |       |       |     1 ||     1
 Cast: Beastly Appendage |     3 |     1 |     1 |       |       ||     5
       Wereblood         |       |       |     4 |     2 |       ||     6
Invok: Sacrifice Essence |     1 |       |       |       |       ||     1
       Sacrifice Drink   |       |       |     1 |       |       ||     1
       Power Leap        |       |       |     1 |       |       ||     1
       Sacrifice Artific |       |       |     1 |       |       ||     1
       Apocalypse        |       |       |       |     5 |     9 ||    14
       Sacrifice Stealth |       |       |       |     1 |       ||     1
       Sacrifice Arcana  |       |       |       |     1 |       ||     1
       Draw Out Power    |       |       |       |       |     2 ||     2
Evoke: Wand              |       |       |     7 |       |       ||     7
  Use: Scroll            |       |     6 |     7 |     2 |     8 ||    23
       Potion            |       |       |     2 |     2 |       ||     4
 Stab: Sleeping          |     2 |     2 |     2 |     1 |       ||     7
       Paralysed         |       |       |     2 |     5 |     6 ||    13
       Invisible         |       |       |     1 |     3 |    10 ||    14
       Distracted        |       |       |       |     1 |     2 ||     3
       Petrified         |       |       |       |    12 |       ||    12
       Petrifying        |       |       |       |     1 |       ||     1
Armor: Robe              |    29 |    21 |    24 |    49 |    52 ||   175
       Steam dragon scal |       |       |    20 |    67 |       ||    87
Dodge: Dodged            |    39 |    47 |    96 |   140 |   109 ||   431

Table legend: (Time is in decaauts)
 A = Elapsed time spent in this place.
 B = Non-inter-level travel time spent in this place.
 C = Inter-level travel time spent in this place.
 D = Time resting spent in this place.
 E = Time spent auto-exploring this place.
 F = Levels seen in this place.
 G = Mean time per level.
                   A        B        C        D        E       F      G
               +--------+--------+--------+--------+--------+-----+--------+
         Total |  13795 |  12875 |    920 |      0 |   8569 |  16 |  862.2 |
       Dungeon |   7359 |   6896 |    463 |      0 |   5274 |   9 |  817.7 |
        Temple |      1 |      1 |      0 |      0 |      0 |   1 |    1.0 |
          Lair |   2572 |   2388 |    184 |      0 |   1570 |   3 |  857.3 |
     Snake Pit |   3861 |   3588 |    273 |      0 |   1725 |   3 | 1287.0 |
               +--------+--------+--------+--------+--------+-----+--------+

Top non-repeatable levels by time:
 Snake:2: 1761 daAuts
 Snake:1: 1701 daAuts
     D:8: 1216 daAuts
     D:9: 1055 daAuts
     D:5: 1009 daAuts
  Lair:1: 893 daAuts
  Lair:3: 880 daAuts
     D:6: 798 daAuts
  Lair:2: 798 daAuts
     D:7: 762 daAuts
     D:4: 754 daAuts
     D:1: 667 daAuts
     D:3: 637 daAuts
     D:2: 457 daAuts
 Snake:3: 398 daAuts
